 Dungeon Crawl Stone Soup version 0.27.0-1-g7a089689b8 (webtiles) character file.

Game seed: 8373019662226359776

9127 fiver49 the Spear-Bearer (level 11, 0/77 HPs)
             Began as a Demonspawn Brigand on Aug 3, 2021.
             Was a High Priest of Qazlal.
             Slain by a hornet (5 damage)
             ... while paralysed by a hornet
             ... on level 10 of the Dungeon.
             The game lasted 00:27:09 (13143 turns).

fiver49 the Spear-Bearer (Demonspawn Brigand)      Turns: 13143, Time: 00:27:10

Health: 0/77       AC: 15    Str: 15    XL:     11   Next: 19%
Magic:  4/4        EV:  2    Int: 12    God:    Qazlal [*****.]
Gold:   389        SH:  0    Dex: 15    Spells: 10/10 levels left

rFire    . . .     SeeInvis +   v - +0 trident (antimagic)
rCold    . . .     Faith    .   (no shield)
rNeg     . . .     Spirit   .   G - +0 acid dragon scales
rPois    .         Reflect  .   (helmet unavailable)
rElec    .         Harm     .   c - +0 cloak
rCorr    +         Rampage  .   I - +0 pair of gloves
Will     .....                  (no boots)
Stlth    +.........             (no amulet)
HPRegen  0.22/turn              (no ring)
MPRegen  0.09/turn              (no ring)

@: paralysed, sanguine armoured, hasted and slowed, studying Poison Magic, repel
missiles
A: antennae 3, ignite blood 2, powered by death 1, sanguine armour 1
a: Renounce Religion, Upheaval, Elemental Force, Disaster Area


You were on level 10 of the Dungeon.
You worshipped Qazlal.
Qazlal was extremely pleased with you.
You visited 1 branch of the dungeon, and saw 10 of its levels.
You also visited: Bailey.

You collected 664 gold pieces.
You spent 275 gold pieces at shops.

Inventory:

Hand Weapons
 a - a +2 dagger
 v - a +0 antimagic trident (weapon)
Missiles
 d - 68 poisoned darts (quivered)
 e - 2 curare-tipped darts
 i - 3 javelins
 w - 22 boomerangs
 F - 2 throwing nets
Armour
 b - a +0 robe
 c - a +0 cloak (worn)
 g - a +0 leather armour
 u - a +0 ring mail
 G - +0 acid dragon scales (worn)
 I - a +0 pair of gloves (worn)
Jewellery
 r - a ring of ice
 N - a +6 ring of intelligence
 R - a ring of willpower
Wands
 x - a wand of digging (9)
 L - a wand of flame (8)
 S - a wand of iceblast (10)
 T - a wand of paralysis (8)
Scrolls
 h - 2 scrolls of magic mapping
 q - a scroll of torment
 s - 3 scrolls of amnesia
 t - a scroll of fear
 y - 2 scrolls of noise
 C - a scroll of fog {unknown}
 D - 2 scrolls of enchant armour
 E - a scroll of enchant weapon {unknown}
 O - a scroll of immolation {unknown}
 P - 2 scrolls of teleportation
Potions
 j - 3 potions of lignification
 k - 2 potions of brilliance {unknown}
 l - 2 potions of degeneration {unknown}
 n - a potion of might {unknown}
 o - 2 potions of berserk rage
 p - 2 potions of flight
 z - 2 potions of curing
 B - 2 potions of mutation
 H - 2 potions of haste
 J - a potion of resistance {unknown}
 M - a potion of heal wounds
 Q - a potion of cancellation {unknown}


   Skills:
 * Level 4.1 Fighting
 - Level 1.7(2.1) Short Blades
 - Level 1.6(2.0) Long Blades
 - Level 14.0 Polearms
 - Level 1.7 Throwing
 * Level 3.1 Armour
 * Level 3.4 Dodging
 - Level 3.6 Stealth
 + Level 3.1 Invocations


You had 10 spell levels left.
You didn't know any spells.
Your spell library contained the following spells:

 Spells                   Type           Power      Damage    Failure   Level
 Beastly Appendage        Tmut           0%         N/A       41%         1
 Pain                     Necr           0%         1d4       41%         1
 Sublimation of Blood     Necr           0%         N/A       56%         2
 Wereblood                Tmut           0%         N/A       56%         2
 Call Canine Familiar     Summ           0%         N/A       80%         3
 Portal Projectile        Hex/Tloc       0%         N/A       80%         3
 Spider Form              Tmut/Pois      0%         N/A       80%         3
 Leda's Liquefaction      Hex/Erth       0%         N/A       99%         4
 Agony                    Necr           0%         N/A       100%        5
 Excruciating Wounds      Necr           0%         N/A       100%        5
 Summon Hydra             Summ           0%         N/A       100%        7


Dungeon Overview and Level Annotations

Branches:
Dungeon (10/15)            Temple (0/1) D:4          Bailey (visited)
   Lair: D:8-11         Orc: D:9-12

Altars:
Fedhas
Gozag
Okawaru
Qazlal
Yredelemnul

Shops:
D:4 :((**   D:5 :   D:8 **

Annotations:
D:2 1 runed translucent door, Crazy Yiuf
D:3 exclusion: phantom
D:4 2 transporters, SweetAndFullOfGrace's ghost, amateur DgSu
D:7 3 runed translucent doors, ZARRMARR's ghost, novice HOMo


Innate Abilities, Weirdness & Mutations

You have a pair of large antennae on your head. (SInv)
Your demonic aura often causes spilled blood to erupt in flames.
You regenerate a little health from kills.
When seriously injured, your bleeding wounds create armour. (AC +6)


Message History

An orc comes into view. It is wielding a +0 flail.
Unknown command.
You puncture the hornet!
The hornet is moderately wounded.
You feel sick. The hornet stings you.
You feel as though you will be slow longer.
Unknown command.
You closely miss the hornet.
The hornet is moderately wounded.
You feel sick. You block the hornet's attack. x2
Unknown command.
You hit the hornet.
The hornet is heavily wounded.
You feel sick.
You hear a shout!
You block the hornet's attack. The orc misses you.
Unknown command.
You miss the hornet.
The hornet is heavily wounded.
You feel sick.
You hear a shout!
The hornet stings you but does no damage.
Unknown command.
You hit the hornet but do no damage.
The hornet is heavily wounded.
You feel sick.
You are no longer poisoned.
The hornet stings you but does no damage.
The orc misses you. The hornet stings you!
* * * LOW HITPOINT WARNING * * *
You feel as though you will be slow longer.
You feel yourself speed up. The hornet stings you!
* * * LOW HITPOINT WARNING * * *
You suddenly lose the ability to move!
The orc hits you but does no damage. The hornet stings you.
* * * LOW HITPOINT WARNING * * *
You feel as though you will be slow longer.
The orc hits you but does no damage. The hornet stings you.
You die...

#. #.## ...# ..# .{ ..# .y #.#
....>. #o# .........o..##@# #
#...........##y#.# #######
#.......T..†##o#.# #....<#
#...≈.......))o..# #.#####
+##...≈.......##.#####.#
..............##.......#
.........##....#..###..#
............##....###..########
.........##.##.#....#..#......#


You could see a hornet and 3 orcs.

Vanquished Creatures
  A two-headed ogre (D:7)
  Joseph (D:8)
  Psyche (D:9)
  A troll (D:10)
  2 wyverns
  A vampire (D:8)
  17 yaks
  A wraith (D:10)
  A basilisk (D:10)
  3 vampire mosquitoes (D:10)
  Menkaure (D:7)
  A floating eye (shapeshifter) (D:8)
  An acid dragon (D:6)
  2 water moccasins (D:7)
  2 orc warriors
  An ice beast (D:6)
  A black bear (D:6)
  A sky beast (D:8)
  4 ogres
  3 necrophages
  2 centaurs
  Blork the orc (D:5)
  4 kobold brigands
  4 bullfrogs
  A gnoll sergeant (D:9)
  2 wyvern zombies (D:7)
  A wyvern skeleton (D:7)
  4 wights (D:9)
  3 centaur zombies
  5 bullfrog zombies
  2 jellies
  An orc priest (D:6)
  2 gnoll shamans
  A hound (D:6)
  A centaur skeleton (D:7)
  3 iguanas
  Natasha (twice) (D:4)
  11 orc wizards
  A hound zombie (D:5)
  2 hound skeletons (D:4)
  A howler monkey zombie (D:9)
  32 gnolls
  11 adders
  2 worms
  3 dart slugs
  50 orcs
  6 bats
  6 endoplasms
  11 goblins
  10 hobgoblins
  4 jackals (D:4)
  8 quokkas
  7 ball pythons
  6 frilled lizards
  18 kobolds
  6 rats
280 creatures vanquished.

Vanquished Creatures (others)
  3 fungi (D:10)
  7 plants (D:10)
10 creatures vanquished.

Grand Total: 290 creatures vanquished

Notes
Turn   | Place    | Note
-------+----------+-------------------------------------------
     0 | D:1      | fiver49 the Demonspawn Brigand began the quest for the Orb.
     0 | D:1      | Reached XP level 1. HP: 16/16 MP: 1/1
    45 | D:1      | Reached skill level 1 in Long Blades
    45 | D:1      | Gained mutation: Your demonic aura sometimes causes spilled
                  | blood to erupt in flames. [demonic ancestry]
    45 | D:1      | Reached XP level 2. HP: 7/22 MP: 2/2
   612 | D:1      | Reached skill level 1 in Polearms
   662 | D:1      | Gained mutation: You regenerate a little health from kills.
                  | [demonic ancestry]
   662 | D:1      | Reached XP level 3. HP: 27/27 MP: 3/3
   733 | D:1      | You fall into a shaft and drop 1 floor!
  1014 | D:1      | Reached skill level 2 in Polearms
  1498 | D:2      | Reached skill level 3 in Polearms
  1498 | D:2      | Gained mutation: Your demonic aura often causes spilled
                  | blood to erupt in flames. [demonic ancestry]
  1498 | D:2      | Reached XP level 4. HP: 15/33 MP: 4/4
  2103 | D:2      | Found a runed translucent door.
  2104 | D:2      | Noticed Crazy Yiuf
  2275 | D:2      | Found a faded altar of an unknown god.
  2456 | D:3      | Reached XP level 5. HP: 38/38 MP: 5/5
  2468 | D:3      | Found an opulent altar of Gozag.
  2473 | D:3      | Found a blossoming altar of Fedhas.
  2474 | D:3      | Found a stormy altar of Qazlal.
  2475 | D:3      | Found an iron altar of Okawaru.
  2480 | D:3      | Became a worshipper of Qazlal Stormbringer
  2561 | D:3      | Noticed a phantom
  2796 | D:3      | Reached skill level 4 in Polearms
  3306 | D:4      | Reached * piety under Qazlal
  3317 | D:4      | Found Qacuxez's Antique Weapon Boutique.
  3319 | D:4      | Noticed a centaur
  3329 | D:4      | Found Muufot's Antique Weapon Shop.
  3410 | D:4      | Noticed Natasha
  3420 | D:4      | Killed Natasha
  3421 | D:4      | Reached skill level 5 in Polearms
  3421 | D:4      | Gained mutation: You have a pair of small antennae on your
                  | head. [demonic ancestry]
  3421 | D:4      | Reached XP level 6. HP: 13/44 MP: 2/6
  3447 | D:4      | Noticed Natasha
  3456 | D:4      | Killed Natasha
  3601 | D:4      | Noticed SweetAndFullOfGrace's ghost (amateur DgSu)
  3717 | D:4      | Found a staircase to the Ecumenical Temple.
  3830 | D:4      | Found a transporter.
  3837 | D:4      | Reached skill level 6 in Polearms
  3839 | D:4      | Found a transporter.
  3848 | D:4      | Found Cahe's Book Emporium.
  4008 | D:4      | Found Zius's General Store.
  4014 | D:4      | Found Jirrymof's General Store.
  4031 | D:4      | Bought a scroll of noise for 14 gold pieces
  4039 | D:4      | Bought a potion of curing for 30 gold pieces
  4039 | D:4      | Bought a potion of curing for 30 gold pieces
  4039 | D:4      | Bought a potion of heal wounds for 50 gold pieces
  4039 | D:4      | Bought a scroll of fear for 35 gold pieces
  4039 | D:4      | Bought a scroll of identify for 20 gold pieces
  4128 | D:5      | Entered Level 5 of the Dungeon
  4145 | D:5      | Reached XP level 7. HP: 50/50 MP: 2/7
  4236 | D:5      | Reached skill level 7 in Polearms
  4252 | D:5      | Found Mafosydo's Book Boutique.
  4281 | D:5      | Noticed Blork the orc
  4289 | D:5      | Killed Blork the orc
  4289 | D:5      | Reached ** piety under Qazlal
  5456 | D:5      | Reached skill level 8 in Polearms
  5775 | D:6      | Gained mutation: You have a pair of antennae on your head.
                  | [demonic ancestry]
  5775 | D:6      | Reached XP level 8. HP: 49/56 MP: 2/8
  6266 | D:6      | Reached skill level 9 in Polearms
  6560 | D:6      | Reached skill level 10 in Polearms
  6977 | D:7      | Reached XP level 9. HP: 57/61 MP: 3/9
  6978 | D:7      | Reached *** piety under Qazlal
  7011 | D:7      | Found a runed translucent gate.
  7011 | D:7      | Found a runed translucent gate.
  7011 | D:7      | Found a runed translucent gate.
  7011 | D:7      | Noticed ZARRMARR's ghost (novice HOMo)
  7013 | D:7      | Found a basalt altar of Yredelemnul.
  7171 | D:7      | Noticed Menkaure
  7182 | D:7      | Killed Menkaure
  7450 | D:7      | Reached skill level 11 in Polearms
  7583 | D:7      | Found a flagged portal.
  7592 | Bailey   | Entered a bailey
  8239 | D:7      | Identified the +9 hunting sling "Wuirph" {freeze, rC- rN++
                  | Str+2 Int+2 SInv}
  8814 | D:7      | Noticed a two-headed ogre
  8844 | D:7      | Killed a two-headed ogre
  8844 | D:7      | Reached **** piety under Qazlal
  8845 | D:7      | Reached skill level 12 in Polearms
  9220 | D:8      | Gained mutation: You have a pair of large antennae on your
                  | head. (SInv) [demonic ancestry]
  9220 | D:8      | Reached XP level 10. HP: 54/67 MP: 3/10
  9413 | D:8      | Reached skill level 13 in Polearms
  9747 | D:8      | Identified the +10 mace of Muimaots {distort, +Rage rElec
                  | rF-}
  9817 | D:8      | Found Qougach's General Store.
  9819 | D:8      | Found Mavaic's Specific Store.
  9827 | D:8      | Bought a scroll of identify for 24 gold pieces
  9827 | D:8      | Bought a potion of curing for 36 gold pieces
  9827 | D:8      | Bought a scroll of teleportation for 36 gold pieces
  9920 | D:8      | Noticed a seven-headed hydra
  9939 | D:8      | Noticed Joseph
 10128 | D:8      | Killed Joseph
 10473 | D:8      | Noticed a fire crab
 10490 | D:8      | a fire crab changed into a floating eye
 11067 | D:9      | Reached skill level 14 in Polearms
 11159 | D:9      | Reached skill level 1 in Dodging
 11512 | D:9      | Reached skill level 1 in Armour
 11512 | D:9      | Reached skill level 1 in Invocations
 11733 | D:9      | Noticed Psyche
 11749 | D:9      | Killed Psyche
 12286 | D:8      | Gained mutation: When seriously injured, your bleeding
                  | wounds create armour. (AC +6) [demonic ancestry]
 12286 | D:8      | Reached XP level 11. HP: 75/75 MP: 4/12
 12297 | D:9      | Reached ***** piety under Qazlal
 12743 | D:10     | Entered Level 10 of the Dungeon
 13130 | D:10     | Paralysed by a hornet for 3 turns
 13142 | D:10     | Paralysed by a hornet for 3 turns
 13143 | D:10     | Slain by a hornet

Illustrated notes

Levels and vault maps discovered:
D:1:      nagdon_arrival_zigzag_paths, layout_basic
D:2:      layout_rooms, chequers_ecumenical_altar_lobes,
          kennysheep_generic_room_14, uniq_crazy_yiuf_cottage
D:3:      minmay_octagon_keep, layout_basic, minitemple
D:4:      layout_rooms, minmay_temple_entry_glass, gammafunk_ghost_arena,
          serial_shops, nicolae_square_shop, nicolae_square_shop, shop, shop,
          shop, uniq_natasha
D:5:      layout_basic, serial_shops, nicolae_shop_stone, uniq_blork_the_orc
D:6:      layout_gridville
D:7:      layout_basic, nicolae_yredelemnul_ghost_church, enter_bailey_5,
          hangedman_decor_lopped, minmay_manual_mess, uniq_menkaure
D:8:      minmay_cornered_nines, layout_loops_ring, grunt_ministairs_15,
          nicolae_specific_store, uniq_joseph
D:9:      layout_grid_maze, uniq_psyche
D:10:     layout_basic, minmay_lair_entry_grove, orc_david_3,
          minmay_misc_feat_ornament, grunt_decor_arrowhead

Skill      XL: |  1  2  3  4  5  6  7  8  9 10 11 |
---------------+----------------------------------+-----
Long Blades    | 1 |  1.6
Polearms       | 1 3 5 6 8 10 12 14 | 14.0
Dodging        | 2 3 |  3.4
Armour         | 2 3 |  3.1
Invocations    | 2 3 |  3.1
Fighting       | 3 4 |  4.1
Short Blades   | |  1.7
Throwing       | |  1.7
Stealth        | |  3.6

Action                   |  1- 3 |  4- 6 |  7- 9 | 10-12 || total
-------------------------+-------+-------+-------+-------++-------
Melee: Spear             |    85 |   135 |       |       ||   220
       Trident           |       |   100 |   494 |   361 ||   955
Throw: Dart              |    53 |    89 |    82 |    46 ||   270
       Boomerang         |       |     1 |     4 |     7 ||    12
Evoke: Wand              |       |       |       |     1 ||     1
  Use: Scroll            |       |     5 |     2 |     3 ||    10
       Potion            |       |       |     3 |     1 ||     4
 Stab: Sleeping          |     2 |     4 |       |       ||     6
Armor: Leather armour    |    21 |    13 |       |       ||    34
       Ring mail         |       |    36 |    43 |       ||    79
       Acid dragon scale |       |       |    89 |    44 ||   133
Dodge: Dodged            |    32 |    84 |   215 |    81 ||   412
       Repelled          |       |       |       |     2 ||     2
Block: Other             |       |     2 |    52 |    29 ||    83
